 Dungeon Crawl Stone Soup version 0.31-a0-931-g7b59d4eb97 (webtiles) character file.

Game seed: 15040982231534319055

193 Pixllover the Digger (level 5, -4/28 HPs)
             Began as a Gargoyle Earth Elementalist on Oct 19, 2023.
             Slain by Terence
             ... wielding a +0 mace
              (8 damage)
             ... on level 3 of the Dungeon.
             The game lasted 00:05:25 (1574 turns).

Pixllover the Digger (Gargoyle Earth Elementalist)  Turns: 1574, Time: 00:05:25

Health: -4/28      AC:  7    Str: 12    XL:     5   Next: 72%
Magic:  3/10       EV: 12    Int: 17    God:
Gold:   68         SH:  0    Dex: 16    Spells: 10/11 levels left

rFire   . . .        c - +1 mace (heavy)
rCold   . . .        (no shield)
rNeg    + . .        a - +0 robe
rPois   ∞            (no helmet)
rElec   +            (no cloak)
rCorr   .            m - +0 pair of gloves
SInv    .            (no boots)
Will    .....        (no amulet)
Stlth   ++           f - +6 ring of dexterity
HPRegen 0.24/turn    (no ring)
MPRegen 0.12/turn

%: no passive effects
@: no status effects
A: sickness immunity, AC +4, negative energy resistance 1, electricity
resistance, torment resistance 1, petrification resistance
a: no special abilities


You were on level 3 of the Dungeon.
You visited 1 branch of the dungeon, and saw 3 of its levels.

You collected 128 gold pieces.
You spent 60 gold pieces at shops.

Inventory:

Hand Weapons
 c - a +1 heavy mace (weapon)
Missiles
 i - 2 javelins (quivered)
Armour
 a - a +0 robe (worn)
 m - a +0 pair of gloves (worn)
Jewellery
 f - a +6 ring of dexterity (left hand)
 h - an amulet of the acrobat
 o - a ring of protection from cold
 q - a ring of protection from cold
Wands
 n - a wand of flame (11)
Scrolls
 d - 2 scrolls of identify
 e - a scroll of poison {unknown}
 g - 2 scrolls of revelation {unknown}
 j - a scroll of fear
 p - a scroll of teleportation {unknown}
Potions
 b - a potion of magic
 k - a potion of brilliance {unknown}
 l - 2 potions of ambrosia {unknown}


   Skills:
 + Level 0.7 Fighting
 + Level 0.2 Maces & Flails
 + Level 1.9 Dodging
 + Level 2.6 Stealth
 + Level 3.8 Spellcasting
 + Level 0.7 Transmutations
 + Level 5.4 Earth Magic


You had 10 spell levels left.
You knew the following spells:

 Your Spells              Type           Power      Damage    Failure   Level
a - Sandblast             Erth           42%        2d11      1%          1

Your spell library contained the following spells:

 Spells                   Type           Power      Damage    Failure   Level
 Passwall                 Tmut/Erth      10%        N/A       7%          2
 Necrotise                Necr           12%        1d4       16%         1
 Stone Arrow              Conj/Erth      24%        3d8       16%         3
 Petrify                  Tmut/Erth      13%        N/A       41%         4
 Ozocubu's Armour         Ice            3%         N/A       43%         3
 Vampiric Draining        Necr           3%         2d6       43%         3
 Brom's Barrelling Bould  Conj/Erth      12%        2d4       47%         4
 Agony                    Necr           3%         N/A       99%         5
 Ozocubu's Refrigeration  Ice            1%         4d7       100%        7


Dungeon Overview and Level Annotations

Branches:
Dungeon (3/15)

Altars:

Shops:
D:1 ?   D:2 [

Annotations:
D:3 Terence


Innate Abilities, Weirdness & Mutations

You are immune to sickness and miasma.
Your stone body is resilient. (AC +4)
You are immune to poison.
You resist negative energy. (rN+)
You are resistant to electric shocks. (rElec)
You are resistant to unholy torment.
You are immune to petrification.


Message History

Casting: Sandblast (safe; 1% risk of failure)
Confirm with . or Enter, or press ? or * to list all spells.
Aiming: Sandblast (safe; 1% risk of failure)
Press: ? - help, Shift-Dir - straight line, f/p - Terence
Aim: Terence, wielding a +0 mace and wearing a +0 chain mail (heavily wounded, 87% to hit)
The blast of sand misses Terence.
The blast of sand hits the frilled lizard!
You kill the frilled lizard!
Terence hits you with a +0 mace.
Casting: Sandblast (safe; 1% risk of failure)
Confirm with . or Enter, or press ? or * to list all spells.
Aiming: Sandblast (safe; 1% risk of failure)
Press: ? - help, Shift-Dir - straight line, f/p - Terence
Aim: Terence, wielding a +0 mace and wearing a +0 chain mail (heavily wounded, 87% to hit)
The blast of sand misses Terence.
Terence says, "Don't bother to defend, it's pointless."
Terence hits you but does no damage. Terence misses you.
Unknown command.
Casting: Sandblast (safe; 1% risk of failure)
Confirm with . or Enter, or press ? or * to list all spells.
Aiming: Sandblast (safe; 1% risk of failure)
Press: ? - help, Shift-Dir - straight line, f/p - Terence
Aim: Terence, wielding a +0 mace and wearing a +0 chain mail (heavily wounded, 87% to hit)
The blast of sand hits Terence but does no damage.
Terence is heavily wounded.
Terence misses you.
Casting: Sandblast (safe; 1% risk of failure)
Confirm with . or Enter, or press ? or * to list all spells.
Aiming: Sandblast (safe; 1% risk of failure)
Press: ? - help, Shift-Dir - straight line, f/p - Terence
Aim: Terence, wielding a +0 mace and wearing a +0 chain mail (heavily wounded, 87% to hit)
The blast of sand hits Terence but does no damage.
Terence is heavily wounded.
Terence hits you with a +0 mace! Terence barely misses you.
Terence attacks as he pursues you! Terence hits you with a +0 mace!
* * * LOW HITPOINT WARNING * * *
You barely miss Terence.
Terence is heavily wounded.
Terence hits you with a +0 mace!
You die...

.........#
.........# ##
.........# ...
.........# ....
...l.....#=....
...†...†.......
######### #.#
#.......# ##@#
#.#####.#####.@#
#.#............#
#.#.##)####..#.#
#.#.#......>##.#
#.#...#.###.##.#
#...#.#+###.##.#
###.#....##.##.#
#.'....##.##.#
###....##.##.#


You could see Terence.

Vanquished Creatures
  A scorpion (D:2)
  Natasha (thrice) (D:2)
  A gnoll (D:1)
  An adder (D:2)
  A worm (D:2)
  2 dart slugs
  An orc (D:3)
  3 ball pythons
  5 endoplasms (D:1)
  A goblin (D:2)
  2 hobgoblins
  2 jackals (D:1)
  4 kobolds
  3 quokkas
  5 bats
  3 frilled lizards
  A rat (D:1)
39 creatures vanquished.

Notes
Turn   | Place    | Note
-------+----------+-------------------------------------------
     0 | D:1      | Pixllover the Gargoyle Earth Elementalist began the quest
                  | for the Orb.
     0 | D:1      | Reached XP level 1. HP: 10/10 MP: 3/3
   216 | D:1      | Reached XP level 2. HP: 15/15 MP: 3/5
   239 | D:1      | Reached skill level 4 in Earth Magic
   314 | D:1      | Found Hilasm's Magic Scroll Shoppe.
   318 | D:1      | Bought a scroll of identify for 20 gold pieces
   487 | D:1      | Reached XP level 3. HP: 10/19 MP: 0/6
   727 | D:2      | Found Uschi's Armour Emporium.
   778 | D:1      | Bought a scroll of fear for 40 gold pieces
   872 | D:2      | Noticed a scorpion
   882 | D:2      | Killed a scorpion
   883 | D:2      | Reached XP level 4. HP: 23/24 MP: 3/8
   977 | D:2      | Noticed Natasha
   985 | D:2      | Killed Natasha
   986 | D:2      | Reached skill level 5 in Earth Magic
   986 | D:2      | Reached XP level 5. HP: 28/28 MP: 3/10
  1053 | D:2      | Noticed Natasha
  1061 | D:2      | Killed Natasha
  1074 | D:2      | Noticed Natasha
  1077 | D:2      | Killed Natasha
  1562 | D:3      | Noticed Terence
  1574 | D:3      | Slain by Terence

Illustrated notes

Levels and vault maps discovered:
D:1:      giann_horns, layout_basic, serial_shops, shop, minmay_liquid_box
D:2:      layout_rooms, serial_shops, shop, uniq_natasha
D:3:      minmay_spotlight, layout_basic, st_stairs_14, minmay_strange_pillars,
          uniq_terence

Skill      XL: |  1  2  3  4 |
---------------+-------------+-----
Earth Magic    | 4 5 |  5.4
Spellcasting   | 3 |  3.8
Fighting       | |  0.7
Maces & Flails | |  0.2
Dodging        | |  1.9
Stealth        | |  2.6
Transmutations | |  0.7

Action                     |  1- 3 |  4- 6 || total
---------------------------+-------+-------++-------
  Melee: Unarmed           |     2 |       ||     2
         Mace              |     5 |     2 ||     7
   Cast: Sandblast         |    36 |    29 ||    65
 Armour: Robe              |    22 |    15 ||    37
  Dodge: Dodged            |    42 |    10 ||    52

Table legend: (Time is in decaauts)
 A = Elapsed time spent in this place.
 B = Non-inter-level travel time spent in this place.
 C = Inter-level travel time spent in this place.
 D = Time resting spent in this place.
 E = Time spent auto-exploring this place.
 F = Levels seen in this place.
 G = Mean time per level.
                   A        B        C        D        E       F      G
               +--------+--------+--------+--------+--------+-----+--------+
         Total |   1612 |   1567 |     45 |     35 |   1008 |   3 |  537.3 |
       Dungeon |   1612 |   1567 |     45 |     35 |   1008 |   3 |  537.3 |
               +--------+--------+--------+--------+--------+-----+--------+

Top non-repeatable levels by time:
     D:1: 799 daAuts
     D:2: 704 daAuts
     D:3: 107 daAuts
